 Dungeon Crawl Stone Soup version 0.31-a0-700-gf13585253f (webtiles) character file.

Game seed: 10171566115746499805

14710 qw the Skirmisher (level 12, -2/80 HPs)
             Began as a Gargoyle Hunter on Sept 7, 2023.
             Was an Elder of Okawaru.
             Slain by a yak (10 damage)
             ... on level 2 of the Lair of Beasts.
             The game lasted 00:04:41 (9651 turns).

qw the Skirmisher (Gargoyle Hunter)                 Turns: 9651, Time: 00:04:41

Health: -2/80      AC: 23    Str: 14    XL:     12   Next: 19%
Magic:  15/15      EV: 16    Int: 12    God:    Okawaru [****..]
Gold:   341        SH:  0    Dex: 17    Spells: 11/11 levels left

rFire   + . .        c - +0 shortbow (heavy)
rCold   . . .        (shield currently unavailable)
rNeg    + . .        b - +2 ring mail {rF+}
rPois   inf          (no helmet)
rElec   +            d - +1 cloak
rCorr   +            f - +0 pair of gloves
SInv    .            e - +0 pair of boots
Will    .....        (no amulet)
Stlth   +++          g - ring of resist corrosion
HPRegen 0.33/turn    (no ring)
MPRegen 0.14/turn

%: no passive effects
@: heroic
A: sickness immunity, AC +8, negative energy resistance 1, electricity
resistance, torment resistance 1, petrification resistance
a: Renounce Religion, Heroism, Finesse


You were on level 2 of the Lair of Beasts.
You worshipped Okawaru.
Okawaru was greatly pleased with you.
You visited 2 branches of the dungeon, and saw 11 of its levels.
You also visited: Sewer.

You collected 539 gold pieces.
You spent 198 gold pieces at shops.


Innate Abilities, Weirdness & Mutations

You are immune to sickness and miasma.
Your stone body is resilient. (AC +8)
You are immune to poison.
You resist negative energy. (rN+)
You are resistant to electric shocks. (rElec)
You are resistant to unholy torment.
You are immune to petrification.


   Skills:
 + Level 11.7(16.7) Fighting
 - Level 14.0(19.0) Ranged Weapons
 - Level 6.0(11.0) Armour
 - Level 5.0(10.0) Dodging
 - Level 1.1(6.1) Stealth
 + Level 5.1 Invocations


You had 11 spell levels left.
You didn't know any spells.
Your spell library was empty.

Inventory:

Hand Weapons
 c - a +0 heavy shortbow (weapon)
Armour
 b - a +2 ring mail of fire resistance (worn)
 d - a +1 cloak (worn)
 e - a +0 pair of boots (worn)
 f - a +0 pair of gloves (worn)
 m - a +2 ring mail of cold resistance
Jewellery
 g - a ring of resist corrosion (left hand)
Scrolls
 a - 10 scrolls of identify
Potions
 h - 2 potions of mutation
 i - 2 potions of might
 j - 3 potions of curing
 k - a potion of resistance

Dungeon Overview and Level Annotations

Branches:
Dungeon (9/15)             Temple (0/1) D:7            Lair (2/5) D:9
  Sewer (visited)
  Swamp: Lair:2-3    Shoals: Lair:2-3     Snake: Lair:2-3    Spider: Lair:2-3
    Orc: D:9-12

Altars:
Elyvilon
Fedhas
Gozag
Hepliaklqana
Makhleb
Nemelex Xobeh
Okawaru
Vehumet
Xom
Yredelemnul

Shops:
D:2 [   D:3 ?:!*   D:6 !

Annotations:
D:4 1 runed translucent door, qw's ghost, amateur GrHu
D:5 3 runed translucent doors, qw's ghost, amateur GrHu


Message History

You shoot an arrow. The arrow hits the yak!!
You kill the yak!
Okawaru accepts your kill. The yak closely misses you.
The yak completely misses you.
You shoot an arrow. The arrow hits the yak!
You kill the yak!
Okawaru accepts your kill. The yak completely misses you.
The yak closely misses you.
You shoot an arrow. The arrow hits the yak!!
The yak is heavily wounded.
The yak gores you but does no damage. The yak completely misses you.
The yak misses you.
You shoot an arrow. The arrow hits the yak!
The yak is almost dead.
The yak barely misses you. The yak closely misses you. The yak gores you.
You shoot an arrow.
The arrow hits the yak but does no damage.
The yak is almost dead.
The yak closely misses you. x2; The yak gores you but does no damage.
You shoot an arrow. The arrow hits the yak!
You kill the yak!
Okawaru accepts your kill. The yak completely misses you.
The yak barely misses you.
Your Invocations skill increases to level 5!
You shoot an arrow. The arrow hits the yak!
The yak is heavily wounded.
The yak misses you. The yak gores you. The yak barely misses you.
You shoot an arrow. The arrow barely misses the yak.
The yak gores you but does no damage. x3
You shoot an arrow. The arrow barely misses the yak.
The yak barely misses you. The yak misses you.
The yak gores you but does no damage.
You shoot an arrow. The arrow hits the yak!!
You kill the yak!
Okawaru accepts your kill. The yak barely misses you. The yak misses you.
You shoot an arrow.
The arrow hits the yak but does no damage.
The yak gores you! The yak closely misses you. The yak gores you!
You die...

.P
##...#.......##..##
#.....P......##..P#
..##.......%..##...#
..P
#...#..........## ##
#...#......#...#
#P..##.......#..#
##.. #......P#..#
#.####..#..#
.##.P###@#...#
.......YYY...##
........%.....#
..............#
.............P#
.............##
.............#
....#.##..#P.#
...#.# ..###..


You could see 3 yaks.

Vanquished Creatures
  Pikel (D:8)
  8 elephants
  A black mamba (Lair:1)
  A rime drake (Lair:1)
  A queen bee (Lair:1)
  Grinder (D:5)
  Prince Ribbit (D:6)
  3 hornets (D:9)
  3 blink frogs (Lair:1)
  A wyvern (Lair:1)
  A wraith (D:9)
  23 yaks
  2 steam dragons
  9 water moccasins
  2 orc warriors (D:9)
  An ogre (D:6)
  2 black bears (D:9)
  2 lemures (D:8)
  3 phantoms
  Blork the orc (D:4)
  A kobold brigand (D:7)
  8 scorpions
  8 bullfrogs
  A gnoll sergeant (D:8)
  8 wights
  33 killer bees
  2 howler monkeys (D:7)
  2 hounds
  3 jellies
  3 orc priests
  2 sleepcaps (D:5)
  A gnoll bouda (D:6)
  Ijyb (D:5)
  Terence (D:2)
  3 iguanas
  6 orc wizards
  10 adders
  11 gnolls
  An ufetubus (D:6)
  2 worms (D:3)
  4 dart slugs
  21 orcs
  4 bats
  6 endoplasms
  4 giant cockroaches
  6 goblins
  3 hobgoblins
  10 jackals
  3 quokkas
  7 ball pythons
  6 frilled lizards
  6 kobolds
  7 rats
261 creatures vanquished.

Notes
Turn   | Place    | Note
-------+----------+-------------------------------------------
     0 | D:1      | qw the Gargoyle Hunter began the quest for the Orb.
     0 | D:1      | Reached XP level 1. HP: 12/12 MP: 1/1
     0 | D:1      | 0 ||| qw: Version: 0.3-a-76-g4403597
     0 | D:1      | 0 ||| qw: Game counter: 442
     0 | D:1      | 0 ||| qw: Melee chars always use a shield: true
     0 | D:1      | 0 ||| qw: God list: Okawaru
     0 | D:1      | 0 ||| qw: Allow faded altars: false
     0 | D:1      | 0 ||| qw: Do Orc after clearing Dungeon:15 true
     0 | D:1      | 0 ||| qw: Do second Lair branch before Depths: true
     0 | D:1      | 0 ||| qw: Lair rune preference: random
     0 | D:1      | 0 ||| qw: Goals: Normal
     0 | D:1      | 0 ||| PLANNING D:1-11
    74 | D:1      | Reached XP level 2. HP: 6/17 MP: 2/2
   501 | D:1      | Reached XP level 3. HP: 21/21 MP: 3/3
   515 | D:1      | Reached skill level 5 in Ranged Weapons
   942 | D:1      | 942 ||| READING 4 scrolls labelled WUOTEBR ZIROO.
   943 | D:1      | 943 ||| READING scroll labelled IRUOTUF FACWUU.
   944 | D:1      | 944 ||| READING scroll labelled YSMEME MAXKOICW.
   945 | D:1      | 945 ||| READING scroll labelled MIKIERAEJO.
   946 | D:1      | 946 ||| DRINKING 2 smoky yellow potions.
   947 | D:1      | 947 ||| READING 3 scrolls of identify.
   947 | D:1      | 947 ||| IDENTIFYING smoky white potion
   948 | D:1      | 948 ||| DROPPING scroll of butterflies.
   949 | D:1      | 949 ||| DROPPING potion of brilliance.
  1008 | D:2      | Noticed Terence
  1022 | D:2      | Killed Terence
  1023 | D:2      | Reached skill level 3 in Fighting
  1101 | D:2      | Reached XP level 4. HP: 28/28 MP: 4/4
  1214 | D:2      | You fall into a shaft and drop 2 floors!
  1215 | D:4      | 1215 ||| READING scroll labelled TOMOUS QESTREWK.
  1216 | D:4      | 1216 ||| READING scroll labelled DAG ATE SUFUT.
  1217 | D:4      | 1217 ||| READING scroll labelled RATIRPH TAIZ.
  1225 | D:3      | 1225 ||| PLANNING SEWER
  1329 | D:3      | Found Naqobifo's Distillery.
  1338 | D:3      | 1338 ||| SHOPLISTING 2 potions of heal wounds (110 gold,
                  | have 28).
  1338 | D:3      | 1338 ||| SHOPLISTING potion of curing (33 gold, have 28).
  1338 | D:3      | 1338 ||| SHOPLISTING potion of enlightenment (55 gold, have
                  | 28).
  1338 | D:3      | 1338 ||| SHOPLISTING potion of heal wounds (55 gold, have
                  | 28).
  1338 | D:3      | 1338 ||| SHOPLISTING potion of resistance (110 gold, have
                  | 28).
  1351 | D:3      | Found a hazy altar of Hepliaklqana.
  1431 | D:3      | 1431 ||| FLEEEEING.
  1432 | D:3      | 1432 ||| FLEEEEING.
  1434 | D:3      | 1434 ||| FLEEEEING.
  1435 | D:3      | 1435 ||| FLEEEEING.
  1436 | D:3      | 1436 ||| DRINKING potion of curing.
  1436 | D:3      | 1436 ||| (to cure confusion)
  1492 | D:3      | Found Pymnek's Magic Scroll Emporium.
  1495 | D:3      | 1495 ||| BUYING scroll of identify (22 gold).
  1495 | D:3      | Bought a scroll of identify for 22 gold pieces
  1495 | D:3      | 1495 ||| SHOPLISTING scroll of teleportation (33 gold, have
                  | 14).
  1589 | D:3      | 1589 ||| READING scroll of brand weapon.
  1589 | D:3      | 1589 ||| BRANDING +0 shortbow of freezing.
  1603 | D:3      | Found a radiant altar of Vehumet.
  1630 | D:3      | Found Hiorch's Assorted Antiques.
  1633 | D:3      | 1633 ||| SHOPLISTING brown potion (23 gold, have 20).
  1633 | D:3      | 1633 ||| SHOPLISTING murky dark potion (23 gold, have 20).
  1705 | D:3      | Reached XP level 5. HP: 32/32 MP: 5/5
  1769 | D:3      | Found Coive's Book Boutique.
  1830 | D:3      | Found a glowing drain.
  1831 | D:3      | 1831 ||| UPGRADING to +0 ring mail.
  1841 | D:3      | 1841 ||| DROPPING +0 leather armour.
  1842 | D:3      | 1842 ||| UPGRADING to +0 pair of boots.
  1847 | D:3      | 1847 ||| READING 5 scrolls of identify.
  1847 | D:3      | 1847 ||| IDENTIFYING murky dark potion
  1856 | Sewer    | Entered a sewer
  1889 | Sewer    | Noticed a water moccasin
  1892 | Sewer    | Killed a water moccasin
  1893 | Sewer    | Reached skill level 3 in Armour
  1893 | Sewer    | Reached XP level 6. HP: 37/37 MP: 6/6
  1947 | Sewer    | 1947 ||| UPGRADING to +0 pair of gloves.
  1952 | Sewer    | 1952 ||| READING 4 scrolls of identify.
  1952 | Sewer    | 1952 ||| IDENTIFYING blue potion
  1953 | Sewer    | 1953 ||| READING 3 scrolls of identify.
  1953 | Sewer    | 1953 ||| IDENTIFYING dark potion
  1954 | Sewer    | 1954 ||| DROPPING potion of invisibility.
  1955 | Sewer    | 1955 ||| DROPPING potion of magic.
  1970 | D:3      | 1970 ||| PLANNING D:1-11
  2082 | D:2      | Reached skill level 6 in Ranged Weapons
  2242 | D:2      | Found a basalt altar of Yredelemnul.
  2280 | D:2      | Found Umawos Kovy's Armour Shoppe.
  2287 | D:2      | 2287 ||| SHOPLISTING +1 helmet (126 gold, have 77).
  2287 | D:2      | 2287 ||| SHOPLISTING +3 leather armour of willpower (264
                  | gold, have 77).
  2307 | D:2      | 2307 ||| READING scroll labelled KONKUTUXOS.
  2504 | D:3      | 2504 ||| UPGRADING to amulet of guardian spirit.
  2509 | D:3      | 2509 ||| READING scroll labelled LUOXZO HIUSE.
  2600 | D:4      | Found a sparkling altar of Nemelex Xobeh.
  2659 | D:4      | 2659 ||| Stepping ~*~*~tactically~*~*~ (outnumbered).
  2735 | D:4      | Found a runed translucent door.
  2743 | D:4      | Noticed qw's ghost (amateur GrHu)
  2782 | D:4      | Noticed Blork the orc
  2785 | D:4      | Killed Blork the orc
  2786 | D:4      | Reached XP level 7. HP: 44/44 MP: 7/7
  2795 | D:4      | Found a white marble altar of Elyvilon.
  2817 | D:4      | Found a burning altar of Makhleb.
  3307 | D:4      | 3307 ||| READING scroll labelled YNYMMAAMAGG.
  3308 | D:4      | 3308 ||| READING 3 scrolls of identify.
  3308 | D:4      | 3308 ||| IDENTIFYING metallic golden potion
  3338 | D:5      | Entered Level 5 of the Dungeon
  3340 | D:5      | 3340 ||| STAIRDANCE
  3343 | D:4      | Reached skill level 7 in Ranged Weapons
  3399 | D:5      | 3399 ||| STAIRDANCE
  3456 | D:5      | 3456 ||| STAIRDANCE
  3533 | D:5      | Noticed Ijyb
  3534 | D:5      | 3534 ||| RETREATING.
  3535 | D:5      | 3535 ||| Stepping ~*~*~tactically~*~*~ (retreating).
  3543 | D:5      | HP: 11/44 [constriction (4)]
  3544 | D:5      | 3544 ||| READING scroll of teleportation.
  3544 | D:5      | HP: 3/44 [constriction (7)]
  3545 | D:5      | 3545 ||| DRINKING potion of heal wounds.
  3707 | D:5      | 3707 ||| Stepping ~*~*~tactically~*~*~ (retreating).
  3858 | D:5      | Reached skill level 8 in Ranged Weapons
  3862 | D:5      | Reached XP level 8. HP: 48/48 MP: 8/8
  3897 | D:5      | 3897 ||| UPGRADING to +2 ring mail of fire resistance.
  3912 | D:5      | Killed Ijyb
  3975 | D:5      | 3975 ||| DROPPING +0 ring mail.
  3976 | D:5      | 3976 ||| READING scroll labelled QUULAC GUPROCZIKU.
  4009 | D:5      | Noticed Grinder
  4016 | D:5      | Paralysed by Grinder for 5 turns
  4029 | D:5      | Killed Grinder
  4062 | D:5      | Reached skill level 9 in Ranged Weapons
  4460 | D:5      | Found a runed translucent gate.
  4461 | D:5      | Found a runed translucent gate.
  4462 | D:5      | Found a runed translucent gate.
  4464 | D:5      | Noticed qw's ghost (amateur GrHu)
  4476 | D:5      | 4476 ||| DRINKING 2 smoky inky potions.
  4477 | D:5      | 4477 ||| READING 3 scrolls of identify.
  4477 | D:5      | 4477 ||| IDENTIFYING clear potion
  4478 | D:5      | 4478 ||| DROPPING potion of attraction.
  4549 | D:6      | Found Jopril's Distillery.
  4642 | D:6      | Reached skill level 6 in Fighting
  4744 | D:6      | Noticed Prince Ribbit
  4752 | D:6      | HP: 4/51 [Prince Ribbit (10)]
  4753 | D:6      | 4753 ||| READING 2 scrolls of teleportation.
  4754 | D:6      | Killed Prince Ribbit
  4755 | D:6      | Reached skill level 10 in Ranged Weapons
  4755 | D:6      | Reached XP level 9. HP: 5/55 MP: 2/9
  5067 | D:6      | 5067 ||| Stepping ~*~*~tactically~*~*~ (retreating).
  5150 | D:6      | 5150 ||| RETREATING.
  5151 | D:6      | 5151 ||| Stepping ~*~*~tactically~*~*~ (retreating).
  5152 | D:6      | 5152 ||| Stepping ~*~*~tactically~*~*~ (retreating).
  5153 | D:6      | 5153 ||| Stepping ~*~*~tactically~*~*~ (retreating).
  5154 | D:6      | 5154 ||| Stepping ~*~*~tactically~*~*~ (retreating).
  5155 | D:6      | 5155 ||| Stepping ~*~*~tactically~*~*~ (retreating).
  5170 | D:6      | HP: 12/57 [killer bee (3)]
  5171 | D:6      | 5171 ||| READING scroll of teleportation.
  5464 | D:6      | Found an iron altar of Okawaru.
  5465 | D:6      | 5465 ||| PLANNING OKAWARU WORSHIP
  5469 | D:6      | Became a worshipper of Warmaster Okawaru
  5470 | D:6      | 5470 ||| PLANNING D:1-11
  5470 | D:6      | 5470 ||| REMOVING amulet of guardian spirit.
  5655 | D:6      | Reached skill level 11 in Ranged Weapons
  5808 | D:6      | 5808 ||| BUYING potion of curing (33 gold).
  5808 | D:6      | Bought a potion of curing for 33 gold pieces
  5808 | D:6      | 5808 ||| SHOPLISTING potion of experience (550 gold, have
                  | 280).
  5808 | D:6      | 5808 ||| BUYING potion of heal wounds (55 gold).
  5808 | D:6      | Bought a potion of heal wounds for 55 gold pieces
  5808 | D:6      | 5808 ||| BUYING potion of mutation (88 gold).
  5808 | D:6      | Bought a potion of mutation for 88 gold pieces
  5845 | D:6      | 5845 ||| DROPPING amulet of guardian spirit.
  5846 | D:6      | 5846 ||| READING 3 scrolls of identify.
  5846 | D:6      | 5846 ||| IDENTIFYING viscous orange potion
  5847 | D:6      | 5847 ||| DROPPING potion of berserk rage.
  5871 | D:7      | Reached skill level 3 in Dodging
  5899 | D:7      | Reached * piety under Okawaru
  5903 | D:7      | 5903 ||| FLEEEEING.
  5904 | D:7      | 5904 ||| FLEEEEING.
  5905 | D:7      | 5905 ||| FLEEEEING.
  5906 | D:7      | 5906 ||| FLEEEEING.
  5907 | D:7      | 5907 ||| FLEEEEING.
  5908 | D:7      | 5908 ||| FLEEEEING.
  5909 | D:7      | 5909 ||| FLEEEEING.
  5910 | D:7      | 5910 ||| FLEEEEING.
  5911 | D:7      | 5911 ||| FLEEEEING.
  5912 | D:7      | 5912 ||| STAIRDANCE
  5957 | D:7      | Reached skill level 1 in Invocations
  5985 | D:7      | Found a staircase to the Ecumenical Temple.
  6018 | D:7      | 6018 ||| INVOKING Heroism.
  6376 | D:8      | 6376 ||| RETREATING.
  6377 | D:8      | Noticed Pikel
  6378 | D:8      | 6378 ||| Stepping ~*~*~tactically~*~*~ (retreating).
  6379 | D:8      | 6379 ||| Stepping ~*~*~tactically~*~*~ (retreating).
  6381 | D:8      | 6381 ||| Stepping ~*~*~tactically~*~*~ (retreating).
  6384 | D:8      | 6384 ||| INVOKING Heroism.
  6392 | D:8      | Reached skill level 3 in Invocations
  6395 | D:8      | Reached XP level 10. HP: 19/64 MP: 9/12
  6395 | D:8      | 6395 ||| INVOKING Heroism.
  6397 | D:8      | HP: 8/64 [yak (10)]
  6397 | D:8      | HP: 3/64 [yak (5)]
  6398 | D:8      | 6398 ||| READING 2 scrolls of teleportation.
  6399 | D:8      | 6399 ||| DRINKING potion of heal wounds.
  6741 | D:8      | Found an opulent altar of Gozag.
  6801 | D:8      | 6801 ||| RETREATING.
  6809 | D:8      | Reached ** piety under Okawaru
  6819 | D:8      | 6819 ||| INVOKING Heroism.
  6938 | D:8      | Paralysed by Pikel for 3 turns
  6942 | D:8      | 6942 ||| RETREATING.
  6949 | D:8      | 6949 ||| RETREATING.
  6951 | D:8      | 6951 ||| Stepping ~*~*~tactically~*~*~ (retreating).
  6969 | D:8      | Paralysed by Pikel for 4 turns
  6976 | D:8      | Killed Pikel
  6977 | D:8      | Reached skill level 12 in Ranged Weapons
  7018 | D:8      | Found a shimmering altar of Xom.
  7137 | D:8      | 7137 ||| INVOKING Heroism.
  7161 | D:8      | 7161 ||| INVOKING Heroism.
  7221 | D:8      | 7221 ||| DROPPING +1 ring mail of cold resistance.
  7222 | D:8      | 7222 ||| READING scroll labelled JIELAOM ESUNO.
  7323 | D:8      | 7323 ||| READING scroll labelled MEUWUBEARO.
  7411 | D:9      | Found a blossoming altar of Fedhas.
  7412 | D:9      | 7412 ||| INVOKING Heroism.
  7473 | D:9      | 7473 ||| Stepping ~*~*~tactically~*~*~ (outnumbered).
  7475 | D:9      | 7475 ||| Stepping ~*~*~tactically~*~*~ (outnumbered).
  7482 | D:9      | 7482 ||| FLEEEEING.
  7483 | D:9      | 7483 ||| FLEEEEING.
  7484 | D:9      | 7484 ||| FLEEEEING.
  7705 | D:9      | 7705 ||| INVOKING Heroism.
  7745 | D:9      | 7745 ||| RETREATING.
  7753 | D:9      | Reached skill level 13 in Ranged Weapons
  7773 | D:9      | 7773 ||| INVOKING Heroism.
  7775 | D:9      | Reached skill level 9 in Fighting
  7784 | D:9      | Reached *** piety under Okawaru
  7785 | D:9      | Reached XP level 11. HP: 38/71 MP: 12/14
  7786 | D:9      | 7786 ||| INVOKING Heroism.
  7794 | D:9      | HP: 13/71 [yak (5)]
  7795 | D:9      | 7795 ||| READING 2 scrolls of teleportation.
  7796 | D:9      | 7796 ||| DRINKING potion of heal wounds.
  7818 | D:9      | 7818 ||| INVOKING Heroism.
  8027 | D:9      | Found a staircase to the Lair.
  8055 | D:9      | 8055 ||| INVOKING Heroism.
  8116 | D:9      | 8116 ||| Stepping ~*~*~tactically~*~*~ (retreating).
  8124 | D:9      | 8124 ||| Stepping ~*~*~tactically~*~*~ (retreating).
  8129 | D:9      | Reached skill level 14 in Ranged Weapons
  8155 | D:9      | 8155 ||| PLANNING LAIR
  8155 | D:9      | 8155 ||| UPGRADING to +1 cloak.
  8173 | Lair:1   | Entered Level 1 of the Lair of Beasts
  8180 | Lair:1   | 8180 ||| STAIRDANCE
  8189 | Lair:1   | 8189 ||| STAIRDANCE
  8192 | D:9      | 8192 ||| Stepping ~*~*~tactically~*~*~ (retreating).
  8193 | D:9      | 8193 ||| Stepping ~*~*~tactically~*~*~ (retreating).
  8194 | D:9      | 8194 ||| Stepping ~*~*~tactically~*~*~ (retreating).
  8195 | D:9      | 8195 ||| Stepping ~*~*~tactically~*~*~ (retreating).
  8196 | D:9      | 8196 ||| Stepping ~*~*~tactically~*~*~ (retreating).
  8197 | D:9      | 8197 ||| Stepping ~*~*~tactically~*~*~ (retreating).
  8198 | D:9      | 8198 ||| INVOKING Heroism.
  8199 | D:9      | 8199 ||| Stepping ~*~*~tactically~*~*~ (retreating).
  8216 | D:9      | 8216 ||| INVOKING Heroism.
  8359 | Lair:1   | 8359 ||| Stepping ~*~*~tactically~*~*~ (water).
  8363 | Lair:1   | 8363 ||| INVOKING Heroism.
  8561 | Lair:1   | Found a frozen archway.
  8674 | Lair:1   | 8674 ||| RETREATING.
  8675 | Lair:1   | 8675 ||| INVOKING Heroism.
  8713 | Lair:1   | 8713 ||| INVOKING Heroism.
  8753 | Lair:1   | 8753 ||| INVOKING Heroism.
  8768 | Lair:1   | 8768 ||| INVOKING Heroism.
  8788 | Lair:1   | Reached skill level 6 in Armour
  8789 | Lair:1   | 8789 ||| INVOKING Heroism.
  8801 | Lair:1   | 8801 ||| INVOKING Heroism.
  8804 | Lair:1   | HP: 14/72 [killer bee (6)]
  8805 | Lair:1   | 8805 ||| READING scroll of teleportation.
  9089 | Lair:1   | 9089 ||| INVOKING Heroism.
  9432 | Lair:1   | 9432 ||| UPGRADING to ring of resist corrosion.
  9433 | Lair:1   | 9433 ||| READING 11 scrolls of identify.
  9433 | Lair:1   | 9433 ||| IDENTIFYING glowing red potion
  9490 | Lair:2   | 9490 ||| Stepping ~*~*~tactically~*~*~ (retreating).
  9491 | Lair:2   | 9491 ||| Stepping ~*~*~tactically~*~*~ (retreating).
  9492 | Lair:2   | 9492 ||| Stepping ~*~*~tactically~*~*~ (retreating).
  9493 | Lair:2   | 9493 ||| Stepping ~*~*~tactically~*~*~ (retreating).
  9494 | Lair:2   | 9494 ||| Stepping ~*~*~tactically~*~*~ (retreating).
  9495 | Lair:2   | 9495 ||| Stepping ~*~*~tactically~*~*~ (retreating).
  9501 | Lair:2   | 9501 ||| INVOKING Heroism.
  9503 | Lair:2   | Reached **** piety under Okawaru
  9504 | Lair:2   | Reached XP level 12. HP: 53/80 MP: 12/15
  9508 | Lair:2   | 9508 ||| Stepping ~*~*~tactically~*~*~ (retreating).
  9509 | Lair:2   | 9509 ||| Stepping ~*~*~tactically~*~*~ (retreating).
  9510 | Lair:2   | 9510 ||| Stepping ~*~*~tactically~*~*~ (retreating).
  9511 | Lair:2   | 9511 ||| Stepping ~*~*~tactically~*~*~ (retreating).
  9512 | Lair:2   | 9512 ||| Stepping ~*~*~tactically~*~*~ (retreating).
  9513 | Lair:2   | 9513 ||| Stepping ~*~*~tactically~*~*~ (retreating).
  9514 | Lair:2   | 9514 ||| Stepping ~*~*~tactically~*~*~ (retreating).
  9515 | Lair:2   | 9515 ||| Stepping ~*~*~tactically~*~*~ (retreating).
  9516 | Lair:2   | 9516 ||| Stepping ~*~*~tactically~*~*~ (retreating).
  9518 | Lair:2   | 9518 ||| INVOKING Heroism.
  9521 | Lair:2   | 9521 ||| Stepping ~*~*~tactically~*~*~ (retreating).
  9522 | Lair:2   | 9522 ||| Stepping ~*~*~tactically~*~*~ (retreating).
  9523 | Lair:2   | 9523 ||| Stepping ~*~*~tactically~*~*~ (retreating).
  9531 | Lair:2   | HP: 16/80 [elephant (9)]
  9537 | Lair:2   | HP: 15/80 [elephant (3)]
  9618 | Lair:2   | 9618 ||| INVOKING Heroism.
  9623 | Lair:2   | 9623 ||| Stepping ~*~*~tactically~*~*~ (retreating).
  9624 | Lair:2   | 9624 ||| Stepping ~*~*~tactically~*~*~ (retreating).
  9625 | Lair:2   | 9625 ||| Stepping ~*~*~tactically~*~*~ (retreating).
  9637 | Lair:2   | 9637 ||| INVOKING Heroism.
  9637 | Lair:2   | HP: 19/80 [yak (2)]
  9644 | Lair:2   | HP: 17/80 [yak (1)]
  9651 | Lair:2   | HP: 8/80 [yak (8)]
  9651 | Lair:2   | Slain by a yak

Levels and vault maps discovered:
D:1:      wheals_arrival_linesprint, layout_basic
D:2:      layout_basic, basic_altar, serial_shops, shop, uniq_terence
D:3:      minmay_angry_zag, layout_basic, mainiacjoe_overflow_surrounded_room,
          mainiacjoe_overflow_brackets, portal_sewer_entry_b, serial_shops,
          nicolae_shop_tiny_real_fake_doors, shop, nicolae_shop_behind_doors,
          shop_fountains
D:4:      layout_basic, mainiacjoe_overflow_small_starburst,
          jmf_multi_god_temple, ebering_ghost_sewer_d,
          chequers_serial_rivers_small_b, hex_tiny, uniq_blork_the_orc
D:5:      layout_loops_ring, gammafunk_ghost_necromancy, reono_crystal_passage,
          corexii_shack, uniq_ijyb, uniq_grinder
D:6:      layout_gridville, okawaru_ov_weapons_minmay, serial_shops,
          nicolae_shop_tiny_waterfront, chequers_serial_rivers_micro_d,
          minmay_misc_feat_encased, minmay_fractal_squares_gapless_5,
          uniq_prince_ribbit1
D:7:      layout_basic, minmay_temple_entry_mini_moons
D:8:      layout_cave_pools, mainiacjoe_overflow_alcove_2, xom_teletrap_fun,
          uniq_pikel
D:9:      layout_rooms, fedhas_altar_3, due_lair_maze_entry_diamond
Lair:1:   layout_roguey [special_room_bee], portal_ice_cave_entry_pillars_1,
          infiniplex_staircase_pool_2
Lair:2:   layout_regular_city, nicolae_shoals_entry_roost, guppyfry_lair_drakes,
          infiniplex_staircase_pool, grunt_megastairs_1

Skill      XL: |  1  2  3  4  5  6  7  8  9 10 11 12 |
---------------+-------------------------------------+-----
Ranged Weapons | 5 6 8 10 11 13 14 | 14.0
Fighting       | 3 4 6 8 9 11 | 11.7
Armour         | 3 4 6 |  6.0
Dodging        | 2 3 5 |  5.0
Invocations    | 3 4 5 |  5.1
Stealth        | |  1.1

Action                     |  1- 3 |  4- 6 |  7- 9 | 10-12 || total
---------------------------+-------+-------+-------+-------++-------
   Fire: Shortbow          |    80 |   144 |   324 |   457 ||  1005
 Invoke: Heroism           |       |       |     2 |    24 ||    26
    Use: Scroll            |     5 |     9 |     8 |     6 ||    28
         Potion            |     1 |     1 |     2 |     2 ||     6
 Armour: Leather armour    |    29 |    32 |       |       ||    61
         Ring mail         |       |    42 |   277 |   345 ||   664
         Skin              |       |       |     2 |       ||     2
  Dodge: Dodged            |    16 |    49 |   203 |   323 ||   591

Table legend:
 A = Non-vault XP
 B = Vault XP
 C = Vault XP percentage of total XP
 D = Non-vault monster count
 E = Vault monster count
 F = Vault count percentage of total count
                 A         B        C        D         E       F
            +---------+---------+-------+---------+---------+-------
      Total |   15925 |    5090 |  24.2 |     194 |      65 |  25.1
            +---------+---------+-------+---------+---------+-------
        D:1 |      41 |       0 |   0.0 |      22 |       0 |   0.0
        D:2 |      41 |      36 |  46.8 |      10 |       1 |   9.1
        D:3 |      76 |      34 |  30.9 |      15 |      13 |  46.4
        D:4 |     292 |     143 |  32.9 |      16 |       3 |  15.8
        D:5 |     789 |     319 |  28.8 |      21 |       3 |  12.5
        D:6 |     968 |     610 |  38.7 |      24 |       5 |  17.2
        D:7 |     788 |       0 |   0.0 |      15 |       0 |   0.0
        D:8 |    1788 |     593 |  24.9 |      16 |       1 |   5.9
        D:9 |    4910 |    1389 |  22.1 |      31 |      10 |  24.4
     Lair:1 |    2788 |    1818 |  39.5 |      12 |      25 |  67.6
     Lair:2 |    3444 |       0 |   0.0 |      12 |       0 |   0.0
      Sewer |       0 |     148 | 100.0 |       0 |       4 | 100.0
            +---------+---------+-------+---------+---------+-------
